 Dungeon Crawl Stone Soup version 0.23.2-1-ga50397a6bc (webtiles) character file.

Game seed: 5706763770670516408

7555 MachJacob the Geomancer (level 11, -2/54 HPs)
             Began as a Gargoyle Earth Elementalist on Apr 17, 2019.
             Was a Priest of Sif Muna.
             Killed from afar by Fannar (30 damage)
             ... with a bolt of cold
             ... on level 10 of the Dungeon.
             The game lasted 01:08:12 (10982 turns).

MachJacob the Geomancer (GrEE)                     Turns: 10982, Time: 01:08:12

Health: -2/54      AC: 14    Str: 12    XL:     11   Next: 17%
Magic:  24/30      EV: 14    Int: 22    God:    Sif Muna [***...]
Gold:   880        SH:  2    Dex: 10    Spells: 12/23 levels left

rFire    . . .     SeeInvis .   P - staff of summoning
rCold    . . .     Gourm    .   (no shield)
rNeg     + . .     Faith    .   n - +1 robe
rPois    ∞         Spirit   .   (no helmet)
rElec    +         Reflect  +   H - +1 cloak {MR+}
rCorr    .         Harm     .   (no gloves)
MR       +....                  L - +0 pair of boots
Stlth    +++.......             o - +2 amulet of reflection
HPRegen  0.18/turn              E - +3 ring of intelligence
MPRegen  0.22/turn              J - ring of magical power

@: no status effects
A: negative energy resistance 1, electricity resistance, unbreathing,
petrification resistance, rot immunity, AC +8
a: Divine Energy, Channel Magic, Renounce Religion


You were on level 10 of the Dungeon.
You worshipped Sif Muna.
Sif Muna was most pleased with you.
You were not hungry.

You visited 3 branches of the dungeon, and saw 12 of its levels.
You also visited: Ossuary and Bailey.

You collected 880 gold pieces.

Inventory:

Hand Weapons
 e - a +0 club
Missiles
 b - 57 stones (quivered)
Armour
 n - a +1 robe (worn)
 H - a +1 cloak of magic resistance (worn)
 L - a +0 pair of boots (worn)
Magical Staves
 P - an uncursed staff of summoning (weapon)
Jewellery
 o - a +2 amulet of reflection (around neck)
 E - a +3 ring of intelligence (left hand)
 J - a ring of magical power (right hand)
Wands
 A - a wand of enslavement (9)
 B - a wand of flame (20)
 F - a wand of clouds (4)
 K - a wand of iceblast (6)
 M - a wand of digging (6)
 N - a wand of random effects (17)
Scrolls
 f - 9 scrolls of remove curse
 g - a scroll of enchant armour
 i - 2 scrolls of amnesia
 j - a scroll of enchant weapon {unknown}
 l - 4 scrolls of noise
 q - 2 scrolls of fog {unknown}
 s - 4 scrolls of random uselessness
 u - 3 scrolls of fear {unknown}
 x - 5 scrolls of immolation
 y - 3 scrolls of magic mapping {unknown}
 C - 3 scrolls of teleportation
 G - 2 scrolls of brand weapon {unknown}
 I - 3 scrolls of identify
Potions
 a - 4 potions of magic
 c - a potion of agility
 h - 4 potions of berserk rage
 k - 4 potions of ambrosia
 m - a potion of brilliance {unknown}
 p - 2 potions of flight
 r - 3 potions of degeneration
 t - 4 potions of curing
 v - a potion of invisibility
 w - a potion of mutation {unknown}
 z - 5 potions of heal wounds
 D - 2 potions of haste
Comestibles
 d - 15 rations
 O - a chunk of flesh


   Skills:
 + Level 6.2 Dodging
 - Level 7.3 Stealth
 + Level 6.8 Spellcasting
 * Level 6.7 Conjurations
 + Level 2.1 Transmutations
 * Level 12.3 Earth Magic


You had 12 spell levels left.
You knew the following spells:

 Your Spells              Type           Power        Failure   Level  Hunger
a - Sandblast             Erth           ######       1%          1    None
b - Stone Arrow           Conj/Erth      #####.       1%          3    None
c - Petrify               Tmut/Erth      #####...     4%          4    ###....
d - Summon Guardian Gole  Hex/Summ       ##......     26%         3    None

Your spell library contained the following spells:

 Spells                   Type           Power        Failure   Level  Hunger
 Passwall                 Tmut/Erth      #####...     1%          2    None
 Lee's Rapid Deconstruct  Erth           ######....   1%          5    #####..
 Summon Small Mammal      Summ           ##..         9%          1    None
 Call Imp                 Summ           ##......     13%         2    None
 Call Canine Familiar     Summ           ##......     26%         3    None
 Cause Fear               Hex            #.........   63%         4    ###....
 Summon Ice Beast         Ice/Summ       ##......     63%         4    ###....
 Summon Lightning Spire   Summ/Air       ##......     63%         4    ###....
 Yara's Violent Unravell  Hex/Tmut       ##........   83%         5    #####..
 Silence                  Hex/Air        #.........   93%         5    #####..
 Deflect Missiles         Chrm/Air       #.........   100%        6    ######.
 Discord                  Hex            #.........   100%        8    #######


Dungeon Overview and Level Annotations

Branches:
Dungeon (10/15)            Temple (1/1) D:7            Lair (0/6) D:10
    Orc (1/2) D:10

Altars:
Ashenzari
Cheibriados
Dithmenos
Elyvilon
Fedhas
Gozag
Hepliaklqana
Kikubaaqudgha
Makhleb
Nemelex Xobeh
Okawaru
Qazlal
Ru
Sif Muna
Trog
Uskayaw
Vehumet
Wu Jian
Xom
Yredelemnul
Zin
The Shining One

Shops:
D:7 !   D:10 [

Annotations:
D:10 Fannar


Innate Abilities, Weirdness & Mutations

You are resistant to torment.
Your stone body is resilient. (AC +8)
You are immune to poison.
You resist negative energy. (rN+)
You are resistant to electric shocks. (rElec)
You can survive without breathing.
You are immune to petrification.
You are immune to rotting.


Message History

Aiming: Sandblast (safe; 1% risk of failure)
Press: ? - help, Shift-Dir - straight line, f/p - Fannar
Aim: Fannar, wielding a +0 quarterstaff of freezing, wearing a +2 robe of cold resistance and wearing an uncursed ring of ice (severely wounded, covered in an icy film)
The blast of sand hits the ice beast!
The ice beast is moderately wounded.
b - 58 stones
Casting: Sandblast (safe; 1% risk of failure)
Confirm with . or Enter, or press ? or * to list all spells.
Aiming: Sandblast (safe; 1% risk of failure)
Press: ? - help, Shift-Dir - straight line, f/p - Fannar
Aim: Fannar, wielding a +0 quarterstaff of freezing, wearing a +2 robe of cold resistance and wearing an uncursed ring of ice (severely wounded, covered in an icy film)
The blast of sand hits the ice beast but does no damage.
The ice beast is moderately wounded.
b - 57 stones The ice beast hits you but does no damage.
Fannar points at you and mumbles some strange words.
The bolt of cold hits the ice beast.
The ice beast completely resists.
The bolt of cold hits you!!
Ouch! That really hurt!
You die...

..#.).'....∩)o.....#
..#.###............#
..#)# #............#
..'.# #.Y..........#
..### ##.########..#
..# #.# ##o## ###
#o# #eh# #h# #Y##
#.#######@# ####
#.........##### ...#
#.#####.[.....# ...#
#.# ##...###.# ...#
#.# ##.....##.# ...#
#.# #.......#.# ...#
#.###.......#.# ####
#..#.......(..#
##.#..........#


You could see Fannar, a warg, an ice beast and an orc priest.

Vanquished Creatures
  A two-headed ogre (D:10)
  Sonja (D:10)
  2 trolls (D:9)
  Sigmund (D:6)
  A human (D:9)
  6 yaks
  2 steam dragons (D:6)
  2 hogs (D:9)
  2 wargs (D:10)
  3 water moccasins
  3 ice beasts
  An orc warrior (D:7)
  An eye of draining (D:10)
  A phantom (D:6)
  2 black bears (D:9)
  A centaur (D:6)
  A crocodile (D:9)
  6 ogres
  3 bullfrogs
  A gnoll sergeant (D:9)
  2 scorpions
  3 killer bees (D:10)
  4 howler monkeys
  A quasit (D:8)
  A bullfrog zombie (D:10)
  2 human zombies (Ossuary)
  A centaur zombie (Ossuary)
  3 hounds
  5 crimson imps
  4 bullfrog skeletons
  2 jellies
  4 orc priests
  A centaur skeleton (D:7)
  8 orc wizards
  3 iguanas
  Jessica (D:2)
  8 worker ants
  A hound zombie (D:10)
  5 mummies (Ossuary)
  6 adders
  19 gnolls
  3 shadow imps
  3 adder skeletons
  An adder zombie (D:9)
  A worm (D:5)
  2 dart slugs (D:1)
  5 leopard geckos
  18 orcs
  2 bats
  5 giant cockroaches
  2 gnoll zombies (Ossuary)
  11 goblins
  3 hobgoblins
  13 jackals
  3 quokkas
  3 ball pythons (D:1)
  2 frilled lizards
  A hobgoblin zombie (Ossuary)
  A jackal zombie (D:5)
  9 kobolds
  2 kobold zombies (Ossuary)
  4 rats
219 creatures vanquished.

Notes
Turn   | Place    | Note
-------+----------+-------------------------------------------
     0 | D:1      | MachJacob the Gargoyle Earth Elementalist began the quest
                  | for the Orb.
     0 | D:1      | Reached XP level 1. HP: 10/10 MP: 3/3
   125 | D:1      | Reached XP level 2. HP: 15/15 MP: 0/5
   234 | D:1      | Reached skill level 4 in Earth Magic
   570 | D:1      | Reached XP level 3. HP: 8/19 MP: 4/6
  1203 | D:2      | Found a sacrificial altar of Ru.
  1374 | D:2      | Reached XP level 4. HP: 13/24 MP: 1/7
  1734 | D:2      | Noticed Jessica
  1736 | D:2      | Killed Jessica
  2556 | D:3      | Reached skill level 5 in Earth Magic
  2556 | D:3      | Reached XP level 5. HP: 28/28 MP: 5/9
  3209 | D:4      | Reached XP level 6. HP: 32/32 MP: 6/10
  3441 | D:4      | Found a shattered altar of Ashenzari.
  3612 | D:4      | Reached skill level 6 in Earth Magic
  3759 | D:5      | Entered Level 5 of the Dungeon
  3769 | D:5      | Found a sand-covered staircase.
  3776 | D:5      | Reached XP level 7. HP: 36/36 MP: 9/12
  3820 | Ossuary  | Entered an ossuary
  4285 | D:5      | Reached skill level 7 in Earth Magic
  4384 | D:5      | Found an ancient bone altar of Kikubaaqudgha.
  4388 | D:5      | Reached skill level 5 in Stealth
  4394 | D:5      | Reached XP level 8. HP: 41/41 MP: 8/14
  4769 | D:6      | Learned a level 3 spell: Stone Arrow
  4901 | D:6      | Reached skill level 8 in Earth Magic
  5094 | D:6      | Found a deep blue altar of Sif Muna.
  5109 | D:6      | Became a worshipper of Sif Muna the Loreminder
  5223 | D:6      | Reached skill level 9 in Earth Magic
  5283 | D:6      | Reached XP level 9. HP: 16/45 MP: 11/16
  5481 | D:6      | Reached skill level 5 in Spellcasting
  5633 | D:6      | Noticed Sigmund
  5634 | D:6      | Found a blossoming altar of Fedhas.
  5887 | D:6      | Killed Sigmund
  5996 | D:6      | Found a hazy altar of Hepliaklqana.
  5997 | D:6      | Found an opulent altar of Gozag.
  6003 | D:6      | Found a hide-covered altar of Uskayaw.
  6074 | D:6      | Found a basalt altar of Yredelemnul.
  6408 | D:7      | Found Kawk's Distillery.
  6483 | D:7      | Reached skill level 10 in Earth Magic
  6494 | D:7      | Reached * piety under Sif Muna
  6603 | D:7      | Found a flagged portal.
  6668 | Bailey   | Entered a bailey
  6835 | D:7      | Found a staircase to the Ecumenical Temple.
  6925 | D:7      | Reached skill level 5 in Dodging
  7037 | Temple   | Entered the Ecumenical Temple
  7743 | D:8      | Found a shadowy altar of Dithmenos.
  7789 | D:8      | Found a white marble altar of Elyvilon.
  8060 | D:8      | Reached skill level 1 in Conjurations
  8277 | D:8      | Found a shimmering altar of Xom.
  8462 | D:9      | Noticed a troll
  8607 | D:8      | Reached XP level 10. HP: 24/50 MP: 18/18
  8611 | D:8      | Reached ** piety under Sif Muna
  8861 | D:9      | Reached skill level 11 in Earth Magic
  9762 | D:9      | Reached skill level 5 in Conjurations
  9892 | D:10     | Entered Level 10 of the Dungeon
  9914 | D:10     | Learned a level 4 spell: Petrify
  9925 | D:10     | Reached *** piety under Sif Muna
 10093 | D:10     | Reached skill level 1 in Transmutations
 10221 | D:10     | Learned a level 3 spell: Summon Guardian Golem
 10268 | D:10     | Noticed a two-headed ogre
 10298 | D:10     | Killed a two-headed ogre
 10298 | D:10     | Reached skill level 12 in Earth Magic
 10462 | D:10     | Noticed Sonja
 10473 | D:10     | Found a staircase to the Orcish Mines.
 10474 | D:10     | Found Rinnataq's Armour Shoppe.
 10478 | D:10     | Killed Sonja
 10478 | D:10     | Reached XP level 11. HP: 54/54 MP: 18/21
 10502 | Orc:1    | Entered Level 1 of the Orcish Mines
 10599 | D:10     | Noticed Fannar
 10944 | D:10     | Found a staircase to the Lair.
 10982 | D:10     | Killed from afar by Fannar

Skill      XL: |  1  2  3  4  5  6  7  8  9 10 11 |
---------------+----------------------------------+-----
Earth Magic    | 4 5 6 7 9 10 12 | 12.3
Dodging        | 2 3 4 5 6 |  6.2
Stealth        | 3 4 5 6 7 |  7.3
Spellcasting   | 3 4 5 6 |  6.8
Conjurations   | 2 6 |  6.7
Transmutations | 1 2 |  2.1

Action                   |  1- 3 |  4- 6 |  7- 9 | 10-12 || total
-------------------------+-------+-------+-------+-------++-------
Melee: Club              |    44 |     5 |    82 |    13 ||   144
       Dagger            |     3 |       |       |       ||     3
       Staff             |       |       |       |    20 ||    20
 Cast: Sandblast         |    41 |    61 |   108 |    62 ||   272
       Stone Arrow       |       |       |    72 |    84 ||   156
       Petrify           |       |       |       |     4 ||     4
       Summon Guardian G |       |       |       |     1 ||     1
Invok: Divine Energy     |       |       |       |     1 ||     1
       Stop Divine Energ |       |       |       |     1 ||     1
  Use: Scroll            |     1 |    11 |     7 |       ||    19
       Potion            |       |       |     1 |     1 ||     2
 Stab: Sleeping          |     1 |       |       |       ||     1
       Petrified         |       |       |       |     6 ||     6
  Eat: Chunk             |     2 |     7 |    14 |     9 ||    32
       Ration            |       |       |     1 |       ||     1
Armor: Robe              |    17 |    11 |    45 |    36 ||   109
Dodge: Dodged            |    37 |    15 |    95 |    56 ||   203
Block: Other             |       |       |     9 |     6 ||    15
       Reflection        |       |       |     1 |       ||     1
